 Dungeon Crawl Stone Soup version 0.19.5-1-g796a6487f8 (webtiles) character file.

1769107 Scion2EveryRL the Slayer (level 24, 254/254 HPs)
             Began as a Minotaur Fighter on Oct 18, 2019.
             Was an Initiate of Gozag.
             Escaped with the Orb
             ... and 3 runes!
             The game lasted 02:20:09 (58092 turns).

Scion2EveryRL the Slayer (Minotaur Fighter)        Turns: 58092, Time: 02:20:09

Health: 254/254    AC: 42    Str: 27    XL:     24   Next: 73%
Magic:  25/25      EV: 22    Int:  5    God:    Gozag
Gold:   1649       SH: 17    Dex: 19    Spells: 0 memorised, 23 levels left

rFire  + + .     SeeInvis .     D - +4 demon trident (elec)
rCold  + . .     Gourm    .     r - +10 plate armour of Objectivity {MR++ MP-9 Stlth+}
rNeg   . . .     Faith    .     M - +2 shield of Resistance {rF+ rC+ MR+}
rPois  +         Spirit   .     o - +2 hat {MR+}
rElec  .         Reflect  .     z - +2 cloak {MR+}
rCorr  .         Harm     .     c - +2 pair of gloves {Dex+3}
MR     +++++                    v - +2 pair of boots
Stlth  +.........               N - amulet of Vitality {Regen+ HP+15}
                                p - ring of protection from fire
                                Q - ring of poison resistance

@: bribing [the Dungeon, the Realm of Zot]
A: retaliatory headbutt, horns 2, mutation resistance 1, subdued magic 1
a: Potion Petition, Call Merchant, Bribe Branch, Renounce Religion
0: Orb of Zot
}: 3/15 runes: serpentine, barnacled, silver


You escaped.
You worshipped Gozag.
Gozag was most pleased with you.
You were not hungry.

You visited 8 branches of the dungeon, and saw 46 of its levels.
You also visited: Ice Cave and Desolation.

You collected 26998 gold pieces.
You spent 1777 gold pieces at shops.
You paid 23572 gold pieces to Gozag.

Inventory:

Hand Weapons
 a - a +6 vampiric glaive
 b - a +0 blowgun
 D - a +4 demon trident of electrocution (weapon)
Missiles
 H - 10 curare-tipped needles
 O - 6 throwing nets (quivered)
Armour
 c - a +2 pair of gloves of dexterity (worn)
 o - a +2 hat of magic resistance (worn)
 r - the +10 plate armour of Objectivity (worn) {MR++ MP-9 Stlth+}
   (You found it on level 2 of the Snake Pit)

   It affects your resistance to hostile enchantments.
   It affects your magic capacity (-9).
   It makes you more stealthy.
 v - a +2 pair of boots (worn)
 z - a +2 cloak of magic resistance (worn)
 M - the +2 shield of Resistance (worn) {rF+ rC+ MR+}
   (You took it off Donald on level 3 of the Snake Pit)

   It protects you from fire.
   It protects you from cold.
   It affects your resistance to hostile enchantments.
Jewellery
 p - a ring of protection from fire (right hand)
 L - the ring "Mosuuh" {Ice Slay+3 Stlth+}
   (You bought it in a shop on level 12 of the Dungeon)

   [ring of ice]

   It enhances your ice magic.
   It affects your accuracy and damage with ranged weapons and melee attacks
   (+3).
   It makes you vulnerable to fire.
   It protects you from cold.
   It makes you more stealthy.
 N - the amulet of Vitality (around neck) {Regen+ HP+15}
   (You took it off an ironheart preserver on level 5 of the Vaults)

   [amulet of regeneration]

   It affects your health (+15).
   It increases your rate of regeneration.
 Q - a ring of poison resistance (left hand)
Wands
 i - a wand of digging (11/24)
 l - a wand of enslavement (11/24)
 x - a wand of acid (10/15)
 A - a wand of iceblast (8/15)
 B - a wand of disintegration (11/24)
 I - a wand of teleportation (9/9)
 S - a wand of acid (13/15)
 W - a wand of digging (7/24)
Scrolls
 e - 4 scrolls of blinking
 j - 11 scrolls of teleportation
 m - 3 scrolls of magic mapping
 n - 4 scrolls of fog
 q - 5 scrolls of immolation
 u - 10 scrolls of remove curse
 C - a scroll of holy word
 G - 8 scrolls of recharging
 T - 2 scrolls of silence
 Z - 8 scrolls of fear
Potions
 d - 4 potions of might
 g - 20 potions of curing
 h - 2 potions of ambrosia
 k - 14 potions of heal wounds
 s - 3 potions of agility
 t - 5 potions of flight
 F - 3 potions of magic
 J - 2 potions of resistance
 K - a potion of invisibility
 P - 5 potions of cancellation
 R - 8 potions of lignification
 U - 3 potions of haste
 Y - 5 potions of cure mutation
Miscellaneous
 y - a lamp of fire
 E - a fan of gales
 V - a sack of spiders
 X - a phial of floods
Comestibles
 f - 17 bread rations
 w - 43 fruits


   Skills:
 + Level 24.4 Fighting
 - Level 20.7 Polearms
 + Level 19.0 Armour
 + Level 19.3 Dodging
 - Level 13.1 Stealth
 - Level 15.8 Shields
 + Level 16.0 Evocations


You had 23 spell levels left.
You didn't know any spells.

Dungeon Overview and Level Annotations

Branches:
Dungeon (15/15)            Temple (0/1) D:7            Lair (6/6) D:9
 Shoals (4/4) Lair:4        Snake (4/4) Lair:4        Slime (0/5) Lair:5
    Orc (2/2) D:10            Elf (0/3) Orc:2        Vaults (5/5) D:14
  Crypt (0/3) Vaults:2     Depths (5/5) D:15            Zot (5/5) Depths:5

Altars:
Ashenzari
Dithmenos
Fedhas
Gozag
Hepliaklqana
Makhleb
Nemelex Xobeh
Qazlal
Sif Muna
Trog
Vehumet
Xom
Yredelemnul
Zin
Beogh

Shops:
D:10 *((   D:12 *   Orc:2 %[(*   Lair:6 !   Shoals:1 [   Vaults:1 (
Vaults:4 }

Portals:
Hell: Depths:1 Depths:2 Depths:3 Depths:4 Depths:5
Abyss: Depths:3 Depths:4
Pandemonium: Depths:3 Depths:5
Ziggurat: Depths:5

Annotations:
D:11 exclusion: obsidian statue


Innate Abilities, Weirdness & Mutations

You reflexively headbutt those who attack you in melee.
You have a pair of horns on your head.
You are somewhat resistant to further mutation.
Your spells are a little easier to cast, but a little less powerful.


Message History

Gihexi Tutta gestures.
You hit the rust devil.
You headbutt the rust devil, but do no damage.
The rust devil is almost dead.
You impale the rust devil!!
You kill the rust devil!
You now have 1649 gold pieces (gained 3).
A glowing orange brain comes into view.
Your glowing orange brain grins greedily, jangling a coin purse.
You swap places.
There is an open door here.
You impale the plant!!
There is a sudden explosion of sparks!
You headbutt the plant, but do no damage.
The plant is severely damaged.
Seg Qio hits the plant!!!
The plant is destroyed!
Your glowing orange brain blinks!
There is a staircase leading out of the dungeon here.
You can't go down here!
You have escaped!

........####### ####.......# #.
..............#####..........# #.
........###..##≈≈≈##.........# #.
.....>(.# #.##≈≈P≈≈##.#.#.######.
........#####≈≈≈.≈≈≈##....[....#.
.........###≈≈P.8.P≈≈#.........#)
..######..##≈≈.....≈≈#...........
..[........#≈....&G.≈8...........
...........#≈P8.@&8.3'.........#.
############≈.......≈8.........#.
#≈≈.....≈≈#.........#.
#≈≈P.8.P≈≈#...........
###≈≈≈.≈≈≈##...........
########.##≈≈P≈≈##............
#.[....#..##≈≈≈##b.#.........(
####..###.#...#####..............
.....................b...........


You could see a neutral sixfirhy (wandering), the friendly Gihexi Tutta, the
friendly Seg Qio and a friendly glowing orange brain.

Vanquished Creatures
  3 orbs of fire (Zot:5)
  Mara (Vaults:3)
  A juggernaut (Depths:3)
  Sojobo (Depths:4)
  A caustic shrike (Depths:3)
  A caustic shrike (shapeshifter) (Depths:1)
  Jory (Depths:5)
  3 golden dragons
  Nikola (Shoals:1)
  A profane servitor (Depths:2)
  the Enchantress (Depths:4)
  4 tentacled monstrosities
  Jorgrun (Vaults:1)
  Rupert (Lair:4)
  4 liches
  4 Orb Guardians (Zot:5)
  Asterion (Snake:2)
  A titan (Depths:3)
  A quicksilver dragon (shapeshifter) (Depths:5)
  2 quicksilver dragons
  Gastronok (D:11)
  A death cob (Zot:2)
  Polyphemus (Shoals:4)
  4 shadow dragons
  4 sphinxes
  Frances (Snake:1)
  3 storm dragons
  5 tengu reavers
  10 fire giants
  Donald (Snake:3)
  Ilsuiw (Shoals:4)
  7 nagarajas (Snake:4)
  2 iron dragons
  Aizul (Vaults:3)
  8 frost giants
  8 vault wardens
  An orc warlord (Orc:2)
  2 deep elf sorcerers
  A ghoul (Vaults:3)
  2 imperial myrmidons (Desolation)
  2 draconian shifters (Depths:5)
  14 ironheart preservers
  A reaper (Depths:1)
  20 stone giants
  6 spriggan defenders
  A war gargoyle (Vaults:5)
  6 caustic shrike skeletons (Depths:4)
  14 very ugly things
  6 vampire knights
  3 black draconians (Depths:5)
  4 mottled draconians (Depths:5)
  3 dire elephants (Lair:6)
  10 spark wasps
  2 deep elf annihilators
  Snorg (Lair:3)
  7 ettins
  14 merfolk impalers
  29 yaktaur captains
  A minotaur (shapeshifter) (Vaults:5)
  An eidolon (Vaults:2)
  7 crystal guardians
  4 merfolk javelineers (Shoals:4)
  Erolcha (D:11)
  2 deep elf high priests (Depths:3)
  28 vault guards
  A jiangshi (Vaults:2)
  12 fire dragons
  5 rakshasas
  Harold (Lair:1)
  9 great orbs of eyes
  6 ragged hierophants (Desolation)
  3 hydras
  11 anacondas
  8 peacekeepers (Desolation)
  14 naga warriors
  9 spriggan air magi
  5 servants of whispers (Desolation)
  Erica (D:9)
  A merfolk avatar (Shoals:4)
  2 catoblepae
  11 ice dragons
  2 alligator snapping turtles
  16 centaur warriors
  A merfolk aquamancer (Shoals:4)
  4 death knights
  A queen ant (shapeshifter) (Depths:3)
  15 ogre magi
  2 hell hogs (Depths:1)
  3 orc high priests (Orc:2)
  2 satyrs (Shoals:4)
  7 tengu warriors
  A queen ant (D:11)
  15 death yaks
  9 deep troll shamans
  9 deep troll earth magi
  14 naga sharpshooters
  8 shock serpents
  2 hell knights (Depths:5)
  3 deep elf knights
  8 spriggan berserkers
  2 iron trolls (Depths:3)
  An unseen horror (shapeshifter) (Vaults:4)
  2 shadow wraiths
  4 salamander mystics
  A skeletal warrior (D:15)
  9 glowing orange brains
  9 naga ritualists (Snake:4)
  23 deep trolls
  3 flayed ghosts
  2 deep elf archers
  4 unseen horrors
  7 spriggan druids (Depths:4)
  8 harpies (Shoals:2)
  5 hill giants
  8 sea snakes
  An orb spider (D:10)
  Pikel (D:9)
  9 wizards
  20 ironbrand convokers
  11 mana vipers
  5 orc knights
  2 human zombies (Vaults:4)
  5 phantasmal warriors
  7 deep elf magi
  5 necromancers
  An oklob plant (Lair:5)
  A wolf spider (shapeshifter) (Vaults:3)
  2 orc sorcerers
  9 wolf spiders
  A wolf spider zombie (D:14)
  27 ugly things
  A tengu skeleton (Depths:3)
  8 cyclopes
  A shining eye (shapeshifter) (Vaults:5)
  15 salamanders
  14 manticores
  A moth of wrath (Zot:4)
  15 fauns
  A stone giant skeleton (Vaults:4)
  8 sirens
  An iron dragon skeleton (Depths:3)
  5 elephants
  2 ice statues (IceCv)
  18 vault sentinels
  4 human skeletons
  A torpor snail (Lair:6)
  Maurice (D:12)
  3 guardian serpents
  A rust devil (D:1)
  27 naga magi
  6 water nymphs
  30 black mambas
  17 spiny frogs
  2 smoke demons
  A torpor snail (shapeshifter) (D:13)
  7 gargoyles
  A hellion (D:10)
  3 rime drakes
  An efreet (D:15)
  A redback zombie (D:13)
  3 ice devils
  9 freezing wraiths
  A kobold demonologist (D:13)
  4 komodo dragons
  57 yaktaurs
  7 tengu conjurers
  A demonic crawler (Depths:5)
  A merfolk (shapeshifter) (D:14)
  A troll (shapeshifter) (Vaults:3)
  A sphinx simulacrum (Depths:3)
  3 trolls
  A tengu simulacrum (Vaults:4)
  13 merfolk
  2 two-headed ogres (shapeshifter)
  6 wind drakes
  A hornet (shapeshifter) (Depths:2)
  24 two-headed ogres
  19 hornets
  8 blink frogs
  A slime creature (shapeshifter) (Depths:3)
  54 saltlings (Desolation)
  5 snapping turtles
  22 slime creatures
  10 dream sheep
  18 hippogriffs
  42 spriggans
  A shadow (D:14)
  8 air elementals
  A ynoxinul (Depths:2)
  7 wraiths
  14 water elementals
  55 yaks
  A wyvern (shapeshifter) (Vaults:1)
  5 basilisks
  An ettin skeleton (Vaults:4)
  A hog (shapeshifter) (Vaults:1)
  A human (shapeshifter) (Depths:5)
  4 wyverns
  2 hogs (D:9)
  A golden eye (shapeshifter) (Vaults:3)
  A human (D:9)
  2 fire bats (D:11)
  A steam dragon (Lair:2)
  A human simulacrum (Vaults:3)
  3 hungry ghosts
  A chaos spawn (D:8)
  10 vampire mosquitoes
  5 wargs
  A swamp worm (shapeshifter) (Depths:5)
  2 mottled dragons
  A warg (shapeshifter) (Depths:5)
  43 nagas
  7 hell hounds (Depths:1)
  8 soldier ants
  2 water moccasins (shapeshifter)
  22 porcupines
  A soldier ant (shapeshifter) (Vaults:5)
  A hell hound (shapeshifter) (Vaults:4)
  15 water moccasins
  33 orc warriors
  2 elf zombies (Vaults:4)
  3 ice beasts
  4 phantoms
  43 ogres
  19 wolves
  4 boggarts (Vaults:2)
  38 centaurs
  10 crocodiles
  A big kobold (D:13)
  An elf simulacrum (Vaults:4)
  10 bullfrogs
  A gnoll sergeant (Orc:2)
  A deep troll simulacrum (Vaults:3)
  3 scorpions
  22 killer bees
  9 wights
  3 electric eels
  2 bullfrog zombies
  11 howler monkeys
  9 crimson imps
  2 quasits
  5 centaur zombies
  21 orc priests
  8 hounds
  6 jellies
  3 bullfrog skeletons
  5 centaur skeletons
  28 orc wizards
  4 iguanas
  26 worker ants
  4 killer bee zombies
  A hound zombie (D:9)
  A worker ant zombie (D:5)
  19 adders
  16 gnolls
  3 shadow imps
  16 white imps
  8 ufetubi
  3 oozes
  An adder zombie (D:5)
  An adder skeleton (D:7)
  4 worms
  2 leopard geckos
  116 orcs
  A ball python (D:4)
  20 bats
  5 giant cockroaches
  9 goblins
  6 hobgoblins
  20 jackals
  6 quokkas
  8 frilled lizards
  2 gnoll zombies (D:6)
  12 kobolds
  A leopard gecko skeleton (D:4)
  A leopard gecko zombie (D:7)
  4 rats
  4 plants
2071 creatures vanquished.

Vanquished Creatures (collateral kills)
  An orb of fire (Zot:5)
  A curse toe (Zot:5)
  A tentacled monstrosity (Zot:4)
  A titan (Vaults:5)
  3 Orb Guardians (Zot:5)
  2 quicksilver dragons (Zot:5)
  2 shadow dragons (Vaults:5)
  A storm dragon (Vaults:5)
  2 iron dragons (Vaults:5)
  A frost giant (Vaults:5)
  A ghost moth (Zot:4)
  A war gargoyle (Vaults:5)
  A white draconian (Zot:5)
  An ettin (Vaults:5)
  3 vault guards
  A deep elf knight (Vaults:5)
  A deep troll (Vaults:5)
  A large abomination (D:8)
  2 orc knights (Vaults:5)
  A deep elf archer (Vaults:5)
  An ironbrand convoker (Vaults:4)
  2 deep elf magi (Vaults:5)
  A fire giant zombie (Vaults:5)
  A moth of wrath (Zot:5)
  An elephant (shapeshifter) (Vaults:5)
  An elf zombie (Vaults:5)
  A troll (Vaults:5)
  An ettin zombie (Vaults:5)
  A plant (D:1)
38 creatures vanquished.

Vanquished Creatures (others)
  An orb of fire (Zot:5)
  2 ancient liches
  2 Killer Klowns (Zot:5)
  An electric golem (Zot:5)
  5 tentacled monstrosities
  14 Orb Guardians (Zot:5)
  A lich (Vaults:5)
  A quicksilver dragon (Zot:5)
  2 storm dragons (Zot:5)
  2 death cobs (Zot:5)
  A draconian monk (Zot:5)
  A deep elf sorcerer (Vaults:5)
  A frost giant (Vaults:5)
  A draconian scorcher (Zot:5)
  An iron dragon (Vaults:5)
  5 vault wardens (Vaults:5)
  A draconian shifter (Zot:5)
  An ironheart preserver (Vaults:5)
  2 deep elf elementalists (Vaults:5)
  2 stone giants (Vaults:5)
  A draconian caller (Zot:4)
  A war gargoyle (Vaults:5)
  A draconian annihilator (Zot:4)
  2 purple draconians (Zot:5)
  A black draconian (Zot:5)
  2 red draconians (Zot:5)
  A white draconian (Zot:5)
  3 ettins (Vaults:5)
  7 yaktaur captains (Vaults:5)
  4 vault guards (Vaults:5)
  A satyr (Shoals:4)
  2 dancing weapons (Vaults:5)
  2 ogre magi
  A naga sharpshooter (Snake:4)
  A deep troll (Vaults:5)
  A wolf spider (Vaults:5)
  An orc knight (Vaults:5)
  A salamander (shapeshifter) (Vaults:5)
  A faun (Shoals:4)
  A salamander (Snake:2)
  2 moths of wrath
  A vault sentinel (Vaults:5)
  3 two-headed ogres (Vaults:5)
  A saltling (Desolation)
  A hippogriff (Shoals:1)
  3 slaves (D:9)
  An orc warrior (D:10)
  4 ogres (Vaults:5)
  A crocodile (shapeshifter) (Depths:2)
  A wight (D:10)
  An orc priest (Vaults:5)
  An iguana (D:9)
  An orc wizard (D:4)
  2 white imps (IceCv)
  6 ufetubi (IceCv)
  2 orcs (Vaults:5)
  3 bushes (Lair:3)
  12 fungi
  28 plants
  4 tentacles (Shoals:4)
160 creatures vanquished.

Grand Total: 2269 creatures vanquished

Notes
Turn   | Place    | Note
-------+----------+-------------------------------------------
     0 | D:1      | Scion2EveryRL the Minotaur Fighter began the quest for the Orb.
     0 | D:1      | Reached XP level 1. HP: 19/19 MP: 0/0
   105 | D:1      | Reached XP level 2. HP: 26/26 MP: 1/1
   829 | D:2      | Reached XP level 3. HP: 31/31 MP: 2/2
  1553 | D:3      | Found an opulent altar of Gozag.
  1560 | D:3      | Became a worshipper of Gozag Ym Sagoz the Greedy
  1654 | D:3      | Reached skill level 4 in Fighting
  1654 | D:3      | Reached XP level 4. HP: 33/40 MP: 3/3
  1707 | D:4      | Found a hazy altar of Hepliaklqana.
  1817 | D:4      | Noticed an ogre
  2025 | D:4      | Reached skill level 5 in Fighting
  2043 | D:3      | Reached XP level 5. HP: 26/48 MP: 4/4
  2229 | D:3      | Reached skill level 6 in Fighting
  2869 | D:3      | Reached skill level 7 in Fighting
  2869 | D:3      | Reached XP level 6. HP: 50/60 MP: 5/5
  3062 | D:4      | Reached skill level 8 in Fighting
  3336 | D:5      | Entered Level 5 of the Dungeon
  3386 | D:5      | Reached XP level 7. HP: 53/68 MP: 6/6
  3503 | D:5      | Found a burning altar of Makhleb.
  3841 | D:5      | Found a sparkling altar of Nemelex Xobeh.
  3865 | D:5      | Reached skill level 5 in Shields
  3898 | D:5      | Reached skill level 5 in Armour
  4510 | D:6      | Reached XP level 8. HP: 60/74 MP: 7/7
  4752 | D:6      | Found a basalt altar of Yredelemnul.
  4825 | D:6      | Reached skill level 5 in Polearms
  5030 | D:6      | Found a bloodstained altar of Trog.
  5746 | D:7      | Found a staircase to the Ecumenical Temple.
  5821 | D:7      | Noticed a hippogriff
  6299 | D:7      | Reached skill level 9 in Fighting
  6313 | D:7      | Reached XP level 9. HP: 56/83 MP: 8/8
  6675 | D:7      | Reached skill level 10 in Fighting
  7198 | D:8      | Reached skill level 1 in Dodging
  8175 | D:9      | Noticed Pikel
  8197 | D:9      | Killed Pikel
  8197 | D:9      | Reached skill level 5 in Dodging
  8197 | D:9      | Reached XP level 10. HP: 87/93 MP: 9/9
  8264 | D:9      | Noticed an elephant
  8293 | D:9      | Killed an elephant
  8413 | D:9      | Found a shattered altar of Ashenzari.
  8568 | D:9      | Found a staircase to the Lair.
  8642 | D:9      | Reached skill level 10 in Shields
  8649 | D:9      | Got a translucent ring mail
  8800 | D:9      | Found a shadowy altar of Dithmenos.
  8802 | D:9      | Found a radiant altar of Vehumet.
  8822 | D:9      | Noticed Erica
  8845 | D:9      | Killed Erica
  8845 | D:9      | Reached skill level 1 in Stealth
  9460 | D:10     | Entered Level 10 of the Dungeon
  9484 | D:10     | Reached skill level 11 in Fighting
  9637 | D:10     | Bought a bread ration for 85 gold pieces
  9649 | D:10     | Identified the cursed +0 ring mail of Edghilenk {MP+9} (You found it on level 9 of the Dungeon)
  9687 | Lair:1   | Entered Level 1 of the Lair of Beasts
  9775 | Lair:1   | Found a frozen archway.
  9789 | Lair:1   | Reached XP level 11. HP: 94/102 MP: 10/10
  9832 | IceCv    | Entered an ice cave
  9883 | IceCv    | Reached skill level 10 in Polearms
 10188 | IceCv    | Noticed peterlawrence's ghost (adept MiFi)
 10221 | IceCv    | Noticed peterlawrence's ghost (journeyman MiFi)
 10223 | IceCv    | Noticed a reaper
 10488 | Lair:1   | Noticed Harold
 10511 | Lair:1   | Killed Harold
 10838 | Lair:1   | Found a shadowy altar of Dithmenos.
 12275 | Lair:3   | Noticed a wolf spider
 12304 | Lair:3   | Killed a wolf spider
 12370 | Lair:3   | Reached skill level 12 in Fighting
 12530 | Lair:3   | Got an encrusted war axe
 12608 | Lair:3   | Reached XP level 12. HP: 103/112 MP: 11/11
 12706 | Lair:3   | Noticed Snorg
 12741 | Lair:3   | Killed Snorg
 13743 | Lair:4   | Noticed Rupert
 13903 | Lair:4   | Found a staircase to the Shoals.
 14166 | Lair:5   | Reached skill level 13 in Fighting
 14540 | Lair:5   | Found a staircase to the Slime Pits.
 14561 | Lair:5   | Found a glowing silver altar of Zin.
 15413 | Lair:6   | Entered Level 6 of the Lair of Beasts
 15552 | Lair:5   | Reached skill level 15 in Polearms
 15749 | Lair:6   | Reached XP level 13. HP: 65/122 MP: 12/12
 16352 | Lair:6   | Reached skill level 14 in Fighting
 17067 | Lair:6   | Noticed a dire elephant
 17067 | Lair:6   | Noticed a dire elephant
 17074 | Lair:6   | Killed a dire elephant
 17074 | Lair:6   | Reached skill level 15 in Fighting
 17076 | Lair:6   | Killed a dire elephant
 17241 | Lair:6   | Got a shimmering lajatang
 17242 | Lair:6   | Identified the +2 lajatang "Fiemobia" {slice, rN++ Str+2 Stlth-} (You found it on level 6 of the Lair of Beasts)
 17380 | Lair:6   | Noticed a dire elephant
 17389 | Lair:6   | Killed a dire elephant
 17507 | Lair:6   | Bought a potion of heal wounds for 85 gold pieces
 17507 | Lair:6   | Bought a potion of beneficial mutation for 595 gold pieces
 17507 | Lair:6   | Bought 2 potions of heal wounds for 170 gold pieces
 17507 | Lair:6   | Bought a potion of heal wounds for 85 gold pieces
 17507 | Lair:6   | Gained mutation: You are agile. (Dex +2) [potion of beneficial mutation]
 17508 | Lair:6   | Gained mutation: You are somewhat resistant to further mutation. [potion of beneficial mutation]
 17560 | Lair:4   | Found a staircase to the Snake Pit.
 17615 | Lair:4   | Reached skill level 16 in Fighting
 18534 | Lair:4   | Killed Rupert
 18534 | Lair:4   | Reached XP level 14. HP: 138/138 MP: 13/13
 19199 | D:10     | Noticed Sonja
 19210 | D:10     | Noticed Sonja
 19210 | D:10     | Sonja changed into Sonja the orb spider
 19214 | D:10     | Found Dukux's Weapon Boutique.
 19225 | D:10     | Killed Sonja the orb spider
 19324 | D:10     | Found a staircase to the Orcish Mines.
 19470 | D:10     | Reached skill level 17 in Fighting
 20058 | D:11     | Noticed Gastronok
 20084 | D:11     | Killed Gastronok
 20280 | D:11     | Found a runed door.
 20304 | D:11     | Found a blossoming altar of Fedhas.
 20317 | D:11     | Found an opulent altar of Gozag.
 20334 | D:11     | Found a deep blue altar of Sif Muna.
 20387 | D:11     | Found a shimmering altar of Xom.
 20400 | D:11     | Found a hazy altar of Hepliaklqana.
 20462 | D:11     | Found a shadowy altar of Dithmenos.
 20570 | D:11     | Reached skill level 18 in Fighting
 20925 | D:11     | Noticed Erolcha
 20952 | D:11     | Killed Erolcha
 21660 | Orc:1    | Entered Level 1 of the Orcish Mines
 21672 | Orc:1    | Noticed a stone giant
 21685 | Orc:1    | Killed a stone giant
 22007 | Orc:1    | Found a roughly hewn altar of Beogh.
 22200 | Orc:2    | Entered Level 2 of the Orcish Mines
 22232 | Orc:2    | Found a staircase to the Elven Halls.
 22422 | Orc:2    | Found a roughly hewn altar of Beogh.
 22422 | Orc:2    | Found Gyntol's General Store.
 22431 | Orc:2    | Bought a scroll of enchant armour for 127 gold pieces
 22461 | Orc:2    | Found a roughly hewn altar of Beogh.
 22613 | Orc:2    | Noticed an orc warlord
 22647 | Orc:2    | Killed an orc warlord
 22671 | Orc:2    | Found Olairr's Antique Armour Shoppe.
 22816 | Orc:2    | Found a roughly hewn altar of Beogh.
 22890 | Orc:2    | Found a roughly hewn altar of Beogh.
 22913 | Orc:2    | Found Itteimih's Food Emporium.
 23035 | Orc:2    | Found Deaclal's Antique Weapon Emporium.
 23036 | Orc:2    | Found a roughly hewn altar of Beogh.
 23149 | Orc:2    | Found a roughly hewn altar of Beogh.
 23195 | Orc:2    | Found a roughly hewn altar of Beogh.
 23525 | D:12     | Noticed Maurice
 23534 | D:12     | Killed Maurice
 23959 | D:12     | Bought a faintly glowing ivory ring for 180 gold pieces
 23963 | D:12     | Bought a scroll of identify for 72 gold pieces
 23967 | D:12     | Identified the ring "Mosuuh" {Ice Slay+3 Stlth+} (You bought it in a shop on level 12 of the Dungeon)
 23974 | D:12     | Bought a glowing cloak for 378 gold pieces
 24396 | D:13     | Reached skill level 10 in Armour
 24565 | D:13     | Reached XP level 15. HP: 146/150 MP: 14/14
 26120 | D:14     | Found a gate to the Vaults.
 26170 | D:15     | Entered Level 15 of the Dungeon
 26814 | D:15     | Reached skill level 15 in Armour
 26865 | D:15     | Found a staircase to the Depths.
 26865 | D:15     | Noticed a frost giant
 26876 | D:15     | Killed a frost giant
 27499 | Snake:1  | Entered Level 1 of the Snake Pit
 28153 | Snake:1  | Reached XP level 16. HP: 159/159 MP: 15/15
 28154 | Snake:1  | Noticed Frances
 28166 | Snake:1  | Killed Frances
 28447 | Snake:1  | Reached skill level 1 in Evocations
 29976 | Snake:2  | Got a smelly plate armour
 29987 | Snake:2  | Identified the +10 plate armour of Objectivity {MR++ MP-9 Stlth+} (You found it on level 2 of the Snake Pit)
 30063 | Snake:2  | Noticed Asterion
 30069 | Snake:2  | Noticed an Executioner
 30177 | Snake:2  | Killed Asterion
 30395 | Snake:2  | Reached skill level 5 in Evocations
 30902 | Snake:3  | Noticed Donald
 30918 | Snake:3  | Killed Donald
 32029 | Snake:4  | Entered Level 4 of the Snake Pit
 32278 | Snake:4  | Reached XP level 17. HP: 165/166 MP: 12/21
 32937 | Snake:4  | Got a serpentine rune of Zot
 33354 | Shoals:1 | Entered Level 1 of the Shoals
 33544 | Shoals:1 | Noticed Nikola
 33560 | Shoals:1 | Killed Nikola
 33627 | Shoals:1 | Found Viedough's Antique Armour Boutique.
 34452 | Shoals:2 | Reached skill level 10 in Dodging
 35120 | Shoals:3 | Reached XP level 18. HP: 129/173 MP: 13/22
 35905 | Shoals:4 | Entered Level 4 of the Shoals
 35905 | Shoals:4 | Noticed Polyphemus
 35953 | Shoals:4 | Killed Polyphemus
 35965 | Shoals:4 | Noticed Ilsuiw
 36037 | Shoals:4 | Killed Ilsuiw
 36128 | Shoals:4 | Got a vibrating diamond amulet
 37304 | Shoals:4 | Got a barnacled rune of Zot
 37722 | Vaults:1 | Entered Level 1 of the Vaults
 37731 | Vaults:1 | Identified the amulet "Gyawyed" {Spirit Dex+6} (You found it on level 4 of the Shoals)
 37775 | Vaults:1 | Noticed Jorgrun
 37792 | Vaults:1 | Killed Jorgrun
 37998 | Vaults:1 | Reached skill level 15 in Dodging
 38215 | Vaults:1 | Found Fampuh's Weapon Emporium.
 38381 | Vaults:1 | Found a stormy altar of Qazlal.
 39004 | Vaults:2 | Found a staircase to the Crypt.
 39216 | Vaults:2 | Reached XP level 19. HP: 115/181 MP: 10/23
 40540 | Vaults:3 | Noticed Aizul
 40566 | Vaults:3 | Killed Aizul
 40794 | Vaults:3 | Reached skill level 15 in Shields
 41370 | Vaults:3 | Noticed Mara
 41419 | Vaults:4 | Found Rokkepuk's Gadget Boutique.
 41603 | Vaults:4 | Found a ruined gateway.
 41612 | Desolati | Entered the Desolation of Salt
 41735 | Desolati | Reached skill level 5 in Stealth
 41977 | Desolati | Identified the Handbook of Vitriolic Translocation
 42104 | Desolati | Reached skill level 19 in Fighting
 42190 | Desolati | Reached XP level 20. HP: 119/191 MP: 11/25
 42697 | Desolati | Identified the Grimoire of the Scorching Snowflakes
 43977 | Vaults:3 | Noticed Scion2EveryRL's illusion
 43986 | Vaults:3 | Killed Mara
 44472 | Vaults:3 | Reached skill level 10 in Evocations
 44655 | Depths:1 | Entered Level 1 of the Depths
 44716 | Depths:1 | Reached skill level 20 in Fighting
 45052 | Depths:1 | Paralysed by a sphinx for 7 turns
 45451 | Depths:1 | Reached XP level 21. HP: 190/202 MP: 16/28
 45453 | Depths:1 | Noticed a caustic shrike
 45453 | Depths:1 | an iron giant changed into a caustic shrike
 45465 | Depths:1 | Killed a caustic shrike
 46806 | Depths:1 | Found a gateway to Hell.
 47100 | Depths:2 | Reached skill level 10 in Stealth
 47389 | Depths:2 | Reached skill level 21 in Fighting
 48536 | Depths:3 | Found a one-way gate leading to the halls of Pandemonium.
 48562 | Depths:3 | Found a one-way gate to the infinite horrors of the Abyss.
 48930 | Depths:3 | Identified a scroll of acquirement
 49114 | Depths:3 | Noticed a juggernaut
 49130 | Depths:3 | Killed a juggernaut
 49130 | Depths:3 | Reached XP level 22. HP: 213/213 MP: 21/30
 49723 | Depths:3 | Noticed a caustic shrike
 49736 | Depths:3 | Killed a caustic shrike
 49786 | Depths:3 | Noticed a golden dragon
 49797 | Depths:3 | Killed a golden dragon
 49797 | Depths:3 | Reached skill level 22 in Fighting
 49921 | Depths:3 | Got a twitching graven amulet
 49923 | Depths:3 | Identified the amulet of Wymecsoa {Inacc Int+4 Dex+3} (You found it on level 3 of the Depths)
 50706 | Depths:4 | Noticed the Enchantress
 50719 | Depths:4 | Killed the Enchantress
 50766 | Depths:4 | Got faerie dragon scales
 50777 | Depths:4 | Identified the +5 faerie dragon scales {rN+ rCorr} (You took it off the Enchantress on level 4 of the Depths)
 50967 | Depths:4 | Noticed Sojobo
 51005 | Depths:4 | Killed Sojobo
 51456 | Depths:4 | Found a bloodstained altar of Trog.
 51641 | Depths:4 | Reached XP level 23. HP: 225/225 MP: 23/32
 52219 | Depths:4 | Reached skill level 23 in Fighting
 52427 | Depths:5 | Entered Level 5 of the Depths
 52475 | Depths:5 | Noticed Jory
 52500 | Depths:5 | Killed Jory
 52707 | Depths:5 | Found a gateway to a ziggurat.
 53986 | Depths:5 | Found a gate to the Realm of Zot.
 54332 | Vaults:5 | Entered Level 5 of the Vaults
 54354 | Vaults:4 | Reached skill level 15 in Evocations
 54807 | Vaults:5 | Noticed an ancient lich
 54823 | Vaults:5 | Got a warped lead amulet
 54825 | Vaults:5 | Identified the amulet of Laud {+Inv rN+++ Regen+ Int-2 Stlth+} (You found it on level 5 of the Vaults)
 54971 | Vaults:5 | Reached XP level 24. HP: 213/237 MP: 22/33
 55195 | Vaults:5 | Got a silver rune of Zot
 55314 | Vaults:5 | Killed an ancient lich
 55481 | Vaults:5 | Lost mutation: You are agile. (Dex +2) [a shining eye]
 56507 | Zot:1    | Entered Level 1 of the Realm of Zot
 56532 | Zot:1    | Reached skill level 24 in Fighting
 56708 | Zot:5    | Entered Level 5 of the Realm of Zot
 56800 | Zot:5    | Noticed an orb of fire
 56807 | Zot:5    | Noticed an orb of fire
 56808 | Zot:5    | Noticed an orb of fire
 56837 | Zot:5    | Noticed an orb of fire
 56867 | Zot:5    | Killed an orb of fire
 56959 | Zot:5    | Killed an orb of fire
 56989 | Zot:5    | Killed an orb of fire
 57005 | Zot:5    | Gained mutation: Your spells are a little easier to cast, but a little less powerful. [mutagenic glow]
 57176 | Zot:5    | Killed an ancient lich
 57216 | Zot:5    | Killed an orb of fire
 57232 | Zot:5    | Noticed an orb of fire
 57281 | Zot:5    | Noticed an orb of fire
 57293 | Zot:5    | Killed an orb of fire
 57310 | Zot:5    | Got the Orb of Zot
 57870 | D:8      | Noticed Rygo Hip the pandemonium lord
 57999 | D:5      | Noticed Seg Qio the pandemonium lord
 58057 | D:1      | Noticed Gihexi Tutta the pandemonium lord
 58092 | D:$      | Escaped with the Orb!

Skill      XL: |  1  2  3  4  5  6  7  8  9 10 11 12 13 14 15 16 17 18 19 20 21 22 23 24 |
---------------+-------------------------------------------------------------------------+-----
Polearms       | 3 4 8 9 13 15 16 18 20 | 20.7
Fighting       | 4 5 7 8 9 10 11 12 13 16 18 19 20 21 22 23 24 | 24.4
Armour         | 4 6 7 9 10 16 18 19 | 19.0
Shields        | 4 6 9 10 11 13 15 | 15.8
Dodging        | 5 6 9 11 15 17 18 19 | 19.3
Stealth        | 3 4 5 9 11 13 | 13.1
Evocations     | 7 8 10 12 14 15 16 | 16.0

Action                   |  1- 3 |  4- 6 |  7- 9 | 10-12 | 13-15 | 16-18 | 19-21 | 22-24 || total
-------------------------+-------+-------+-------+-------+-------+-------+-------+-------++-------
Melee: Trident           |   124 |    17 |   490 |   582 |       |       |       |       ||  1213
       Headbutt          |    13 |    25 |    84 |   211 |   236 |   357 |   721 |   550 ||  2197
       Dagger            |    12 |    95 |       |       |       |       |       |       ||   107
       Broad axe         |       |       |       |    14 |       |       |       |       ||    14
       Spear             |       |       |       |   245 |       |       |       |       ||   245
       Glaive            |       |       |       |    90 |  1239 |  1516 |       |       ||  2845
       Demon trident     |       |       |       |       |       |   361 |  2147 |  1854 ||  4362
 Fire: Blowgun           |       |       |     2 |     2 |     2 |       |       |       ||     6
Throw: Throwing net      |       |       |       |       |       |     2 |     8 |       ||    10
Invok: Call Merchant     |       |       |       |     2 |     2 |       |       |       ||     4
       Potion Petition   |       |       |       |     2 |     1 |     4 |     4 |     6 ||    17
       Bribe Branch      |       |       |       |       |       |       |       |     4 ||     4
Evoke: Wand              |       |       |       |       |     4 |     1 |       |     4 ||     9
  Use: Scroll            |       |     4 |     9 |    13 |    20 |    12 |    13 |    14 ||    85
       Potion            |       |     1 |       |     1 |     4 |     3 |       |     3 ||    12
 Stab: Distracted        |       |       |     1 |     4 |    10 |    11 |    35 |    38 ||    99
       Held in net/web   |       |       |       |     4 |       |       |     4 |       ||     8
       Petrified         |       |       |       |       |     2 |       |       |       ||     2
       Sleeping          |       |       |       |       |       |       |     1 |    11 ||    12
  Eat: Chunk             |     2 |       |       |       |       |       |       |       ||     2
       Fruit             |       |     1 |       |       |     1 |       |     3 |     1 ||     6
       Bread ration      |       |     1 |     1 |       |     2 |       |     5 |     4 ||    13
       Beef jerky        |       |       |     4 |     2 |     9 |     8 |       |     4 ||    27
       Meat ration       |       |       |     1 |     3 |     6 |     5 |       |     2 ||    17
       Pizza             |       |       |     1 |     4 |       |     2 |     3 |     1 ||    11
       Royal jelly       |       |       |       |       |       |     2 |       |     1 ||     3
Armor: Scale mail        |    35 |       |       |       |       |       |       |       ||    35
       Chain mail        |     3 |    42 |   147 |   274 |   208 |       |       |       ||   674
       Plate armour      |       |       |       |       |   294 |   776 |   361 |   310 ||  1741
Dodge: Dodged            |    20 |    14 |    85 |   219 |   471 |   697 |   533 |   446 ||  2485
Block: Shield            |    50 |    40 |   175 |   407 |       |   154 |   854 |   697 ||  2377
       Reflection        |       |       |       |     7 |     9 |    27 |       |       ||    43
       Other             |       |       |       |     5 |    77 |   128 |       |       ||   210
